 Dungeon Crawl Stone Soup version 0.30-a0-354-g6b83867211 (webtiles) character file.

Game seed: 9882538778243420158

332 IdlyInterested the Trooper (level 6, 0/52 HPs)
             Began as a Demonspawn Wanderer on Nov 7, 2022.
             Slain by an ogre
             ... wielding a +0 giant spiked club
              (23 damage)
             ... on level 4 of the Dungeon.
             The game lasted 00:12:53 (3661 turns).

IdlyInterested the Trooper (Demonspawn Wanderer)    Turns: 3661, Time: 00:12:54

Health: 0/52       AC:  7    Str: 12    XL:     6   Next: 26%
Magic:  8/9        EV: 10    Int: 14    God:
Gold:   239        SH:  3    Dex: 14    Spells: 8/9 levels left

rFire   . . .      SeeInvis .    a - +3 mace (elec)
rCold   . . .      Faith    .    k - +0 buckler
rNeg    . . .      Spirit   .    f - +1 leather armour
rPois   .          Reflect  .    (helmet unavailable)
rElec   .          Harm     .    r - +0 cloak
rCorr   .          Rampage  .    (no gloves)
Will    .....                    (no boots)
Stlth   ++........               (no amulet)
HPRegen 0.28/turn                (no ring)
MPRegen 0.11/turn                (no ring)

@: no status effects
A: horns 3, icy blue scales 1, demonic guardian 1
a: no special abilities


You were on level 4 of the Dungeon.
You visited 1 branch of the dungeon, and saw 4 of its levels.

You collected 239 gold pieces.

Inventory:

Hand Weapons
 a - a +3 mace of electrocution (weapon)
 i - a +1 dagger of flaming
 s - a +0 rapier
 t - a +0 long sword
 v - a +0 hand axe
 x - a +0 trident
 y - a +0 flail
Missiles
 u - 6 poisoned darts
 A - 4 javelins
Armour
 c - a +0 robe
 f - a +1 leather armour (worn)
 k - a +0 buckler (worn)
 m - a +0 scale mail
 r - a +0 cloak (worn)
 w - a +0 ring mail
Scrolls
 b - 2 scrolls of teleportation
 h - a scroll of butterflies
 j - a scroll of poison
 l - a scroll of enchant armour
Potions
 d - 2 potions of attraction
 e - a potion of cancellation
 g - a potion of magic {unknown}
 n - a potion of lignification
 o - a potion of invisibility {unknown}
 p - a potion of brilliance {unknown}
 q - 3 potions of curing
 z - a potion of haste {unknown}


   Skills:
 * Level 5.8 Fighting
 - Level 2.6 Maces & Flails
 + Level 1.9 Stealth
 - Level 2.0 Spellcasting
 - Level 3.6 Transmutations


You had 8 spell levels left.
You knew the following spells:

 Your Spells              Type           Power      Damage    Failure   Level
a - Sting                 Tmut/Pois      24%        1d4       21%         1

Your spell library contained the following spells:

 Spells                   Type           Power      Damage    Failure   Level
 Wereblood                Tmut           11%        N/A       14%         2
 Summon Small Mammal      Summ           4%         N/A       38%         1
 Spider Form              Tmut/Pois      6%         N/A       52%         3
 Sublimation of Blood     Necr           1%         N/A       54%         2
 Call Canine Familiar     Summ           1%         N/A       77%         3
 Portal Projectile        Hex/Tloc       2%         N/A       77%         3
 Summon Guardian Golem    Hex/Summ       1%         N/A       77%         3
 Tukima's Dance           Hex            1%         N/A       77%         3
 Blade Hands              Tmut           5%         N/A       95%         5
 Summon Hydra             Summ           0%         N/A       100%        7


Dungeon Overview and Level Annotations

Branches:
Dungeon (4/15)
 Temple: D:4-7

Altars:
Kikubaaqudgha


Innate Abilities, Weirdness & Mutations

You have a pair of large horns on your head.
You are partially covered in icy blue scales. (AC +2)
A weak demonic guardian rushes to your aid.


Message History

You have reached level 6!
Your demonic ancestry asserts itself...
You feel the presence of a demonic guardian.
You see here a black bear corpse.
Your magical contamination has completely faded away.
Magic restored.
HP restored.
Found a hand axe.
You see here a +0 hand axe.
v - a +0 hand axe You now have 239 gold pieces (gained 12).
A quokka comes into view.
The quokka closely misses you.
You closely miss the quokka. The quokka bites you.
You block the quokka's attack.
You miss the quokka. The quokka misses you.
You sock the quokka!
You kill the quokka!
Found a stone staircase leading down.
There is a stone staircase leading down here.
There is a stone staircase leading up here.
Found an escape hatch in the ceiling.
An ogre comes into view. It is wielding a +0 giant spiked club.
The ogre shouts!
There is an escape hatch in the ceiling here.
Aiming: Sting (safe; 21% risk of failure)
Press: ? - help, Q - select action, (/) - cycle Shift-Dir - straight line, f - ogre
Aim: an ogre, wielding a +0 giant spiked club (85% to hit)
The sting hits the ogre.
The ogre is poisoned.
The ogre is lightly wounded.
You barely miss the ogre. Your headbutt misses the ogre.
The ogre is lightly wounded.
The ogre hits you with a +0 giant spiked club!
You closely miss the ogre.
The ogre is lightly wounded.
The ogre hits you with a +0 giant spiked club!
You completely miss the ogre. You headbutt the ogre.
The ogre is moderately wounded.
The ogre hits you with a +0 giant spiked club!!
You die...

♣♣.♣♣#.## #.# ♣♣.♣ #.#
#.# ♣P.♣ #.# #.# ♣♣.♣
#.# ##.# #..# #.# ..#
###.####.## #.#
#..........
#######.######........##
#.....O@.......####.....
♣♣♣####.######.# ..##.
#.# #.# ..#. ..# #.#
#... ##.# .#. .._ #.# #
# .. #.. .. #. #.#
....##. #.....


You could see an ogre (poisoned).

Vanquished Creatures
  A black bear (D:4)
  An orc priest (D:3)
  An iguana (D:4)
  3 orc wizards (D:3)
  3 adders
  2 dart slugs (D:3)
  7 orcs (D:3)
  8 endoplasms
  5 giant cockroaches
  6 goblins
  4 hobgoblins
  3 jackals (D:1)
  5 kobolds
  5 quokkas
  5 ball pythons
  7 bats
  7 frilled lizards
  5 rats
78 creatures vanquished.

Notes
Turn   | Place    | Note
-------+----------+-------------------------------------------
     0 | D:1      | IdlyInterested the Demonspawn Wanderer began the quest for
                  | the Orb.
     0 | D:1      | IdlyInterested set off with the following items: a +3 mace,
                  | a scroll of teleportation, a +0 robe; and the following
                  | spell memorised: Sting; and the following spells available
                  | to memorise: Spider Form.
     0 | D:1      | Reached XP level 1. HP: 15/15 MP: 2/2
   150 | D:1      | Found a faded altar of an unknown god.
   166 | D:1      | Reached skill level 2 in Fighting
   166 | D:1      | Gained mutation: You have a pair of small horns on your
                  | head. [demonic ancestry]
   166 | D:1      | Reached XP level 2. HP: 22/22 MP: 1/3
   809 | D:1      | Gained mutation: You have a pair of horns on your head.
                  | [demonic ancestry]
   809 | D:1      | Reached XP level 3. HP: 28/28 MP: 3/5
  1344 | D:2      | Reached skill level 3 in Fighting
  1524 | D:2      | Gained mutation: You have a pair of large horns on your
                  | head. [demonic ancestry]
  1524 | D:2      | Reached XP level 4. HP: 35/35 MP: 4/7
  2342 | D:3      | Reached skill level 4 in Fighting
  2403 | D:3      | Gained mutation: You are partially covered in icy blue
                  | scales. (AC +2) [demonic ancestry]
  2403 | D:3      | Reached XP level 5. HP: 36/43 MP: 6/8
  2992 | D:3      | Reached skill level 5 in Fighting
  3437 | D:4      | Found an ancient bone altar of Kikubaaqudgha.
  3517 | D:4      | Noticed a black bear
  3521 | D:4      | Killed a black bear
  3522 | D:4      | Gained mutation: A weak demonic guardian rushes to your
                  | aid. [demonic ancestry]
  3522 | D:4      | Reached XP level 6. HP: 46/52 MP: 7/9
  3661 | D:4      | Slain by an ogre

Illustrated notes

Levels and vault maps discovered:
D:1:      psy_arrival_whirlpool, layout_loops_ring,
          chequers_ecumenical_altar_simple_redux
D:2:      layout_basic
D:3:      layout_loops_ring
D:4:      layout_loops_ring, nicolae_vehumet_radiance,
          mainiacjoe_overflow_small_starburst, serial_forest,
          infiniplex_forest_straight_5, infiniplex_forest_straight_1,
          infiniplex_forest_straight_5, infiniplex_forest_lined_3,
          minmay_misc_feat_enclosed

Skill      XL: |  1  2  3  4  5 |
---------------+----------------+-----
Fighting       | 2 3 4 5 |  5.8
Spellcasting   | 2 |  2.0
Maces & Flails | |  2.6
Stealth        | |  1.9
Transmutations | |  3.6

Action                   |  1- 3 |  4- 6 || total
-------------------------+-------+-------++-------
Melee: Mace              |    70 |    76 ||   146
       Headbutt          |     5 |    11 ||    16
       Punch             |     1 |       ||     1
 Cast: Sting             |    31 |    20 ||    51
  Use: Scroll            |     6 |     2 ||     8
       Potion            |     2 |     5 ||     7
 Stab: Sleeping          |     1 |     2 ||     3
Armor: Leather armour    |    24 |    48 ||    72
Dodge: Dodged            |    29 |    57 ||    86
Block: Buckler           |       |    10 ||    10

Table legend: (Time is in decaauts)
 A = Elapsed time spent in this place.
 B = Non-inter-level travel time spent in this place.
 C = Inter-level travel time spent in this place.
 D = Time resting spent in this place.
 E = Time spent auto-exploring this place.
 F = Levels seen in this place.
 G = Mean time per level.
                   A        B        C        D        E       F      G
               +--------+--------+--------+--------+--------+-----+--------+
         Total |   3706 |   3069 |    637 |    244 |   1980 |   4 |  926.5 |
       Dungeon |   3706 |   3069 |    637 |    244 |   1980 |   4 |  926.5 |
               +--------+--------+--------+--------+--------+-----+--------+

Top non-repeatable levels by time:
     D:2: 1250 daAuts
     D:3: 1157 daAuts
     D:1: 1035 daAuts
     D:4: 262 daAuts
